 Dungeon Crawl Stone Soup version 0.32-a0-705-g60f233581c (webtiles) character file.

Game seed: 3513334832187558497

418 ytrimaz the Caller (level 6, -4/36 HPs)
             Began as an Octopode Summoner on Mar 15, 2024.
             Slain by a gnoll bouda
             ... wielding a +0 whip
              (10 damage)
             ... on level 4 of the Dungeon.
             The game lasted 00:07:21 (3609 turns).

ytrimaz the Caller (Octopode Summoner)              Turns: 3609, Time: 00:07:22

Health: -4/36      AC:  1    Str: 12    XL:     6   Next: 93%
Magic:  2/12       EV: 12    Int: 23    God:
Gold:   175        SH:  0    Dex: 12    Spells: 3/13 levels left

rFire   . . .        (no weapon)
rCold   . . .        (no shield)
rNeg    . . .        (helmet restricted)
rPois   .            (no amulet)
rElec   .            f - ring of wizardry
rCorr   .            b - +6 ring of strength
SInv    +            (no ring)
Will    .....        (no ring)
Stlth   ++++         (no ring)
HPRegen 0.26/turn    (no ring)
MPRegen 0.13/turn    (no ring)
                     (no ring)

%: wizardry (x1)
@: weakened, attractive, invisible, inugami summoned
A: almost no armour, amphibious, 8 rings, camouflage 1, gelatinous body 1,
(nimble swimmer 1), tentacles, see invisible, clever 1, MP-powered wands
a: no special abilities


You were on level 4 of the Dungeon.
You visited 1 branch of the dungeon, and saw 4 of its levels.

You collected 175 gold pieces.


Innate Abilities, Weirdness & Mutations

You cannot wear most types of armour.
You are amphibious.
You can wear up to eight rings at the same time.
Your skin changes colour to match your surroundings (Stealth+).
Your rubbery body absorbs attacks. (AC +1, EV +1)
((You are camouflaged when in or above water. (Stealth+)))
You have tentacles for arms and can constrict up to eight enemies at once.
You have supernaturally acute eyesight. (SInv)
Your mind is acute. (Int +4, Str/Dex -1)
You expend magic power (3 MP) to strengthen your wands.


   Skills:
 - Level 2.0 Dodging
 - Level 5.2 Stealth
 + Level 4.3 Spellcasting
 + Level 5.9 Summonings


You had 3 spell levels left.
You knew the following spells:

 Your Spells              Type           Power      Damage    Failure   Level
a - Summon Small Mammal   Summ           100%       N/A       1%          1
b - Call Imp              Summ           64%        N/A       1%          2
c - Call Canine Familiar  Summ           32%        N/A       1%          3
d - Summon Blazeheart Go  Fire/Summ      18%        N/A       12%         4

Your spell library contained the following spells:

 Spells                   Type           Power      Damage    Failure   Level
 Inner Flame              Hex/Fire       4%         N/A       12%         3
 Summon Lightning Spire   Summ/Air       18%        N/A       12%         4
 Flame Wave               Conj/Fire      4%         2d5       36%         4
 Sticky Flame             Fire/Alch      4%         2d4       36%         4

Inventory:

Missiles
 m - 2 throwing nets
Jewellery
 b - a +6 ring of strength (right tentacle)
   (You found it on level 1 of the Dungeon)
 f - a ring of wizardry (left tentacle)
   (You found it on level 1 of the Dungeon)
 o - a ring of resist corrosion
   (You found it on level 3 of the Dungeon)
Scrolls
 c - a scroll of immolation
 g - a scroll of teleportation
 i - 2 scrolls of poison
 j - 2 scrolls of enchant weapon
 p - a scroll of torment
Potions
 a - 2 potions of magic
 e - 2 potions of mutation
 h - a potion of attraction
 k - a potion of ambrosia {unknown}
 n - a potion of heal wounds {unknown}
 q - a potion of enlightenment {unknown}

Dungeon Overview and Level Annotations

Branches:
Dungeon (4/15) Zot: 20391
 Temple: D:4-7

Altars:
Cheibriados
Xom

).............#....#........#
####..........#....+........#
#..........#....#........#
#..........#..ยง.#........#
#..........##'###........###
######................###..#
#####..)#......hg........#....#
...##...#......ggb.......#....#
........#.......@........#....#
........#................#'######
........'........................
........#.....###########........
...##...#.....#.........'........
#'####'##.....#.........#........
...##...#.....#.........#........
...#....#.....#...###..##........
...#....#.....#...###..#.....####


You could see a gnoll bouda (unable to see you), 2 gnolls, a friendly inugami
(summoned) and a friendly bat (summoned).


Message History

You take 7 damage, and now have 22/36 hp.
You lost 1 mp, and now have 1/12 mp.
Unknown command.
You barely miss the scorpion. Your grab misses the scorpion.
Your bat hits the scorpion.
Your bat hits the scorpion but does no damage.
The scorpion stings you but does no damage.
The gnoll barely misses you.
The gnoll barely misses your cerulean imp.
Your cerulean imp hits the scorpion from afar with a -2 spear.
Your rat bites the gnoll.
Your inugami hits the gnoll bouda.
Unknown command.
You tentacle-slap the scorpion but do no damage.
Your grab misses the scorpion. Your squeeze misses the scorpion.
The gnoll is no longer moving quickly.
Your bat completely misses the scorpion.
The scorpion misses you. Something barely misses your inugami.
The gnoll misses you.
The gnoll hits your cerulean imp with a +0 club.
Your cerulean imp hits the gnoll with a -2 spear.
The gnoll bouda barks out a call to the hunt!
The gnoll picks up the pace!
Your rat closely misses the gnoll.
Your inugami barely misses the gnoll bouda.
Your bat closely misses the scorpion. ๐Ÿ˜ฎ HP[+1] Unknown command.
You tentacle-slap the scorpion but do no damage.
You grab the scorpion. You constrict the scorpion.
The gnoll is no longer moving quickly.
Your bat hits the scorpion but does no damage.
The scorpion stings you.
* * * LOW HITPOINT WARNING * * *
Something barely misses your inugami. The gnoll closely misses you.
The gnoll hits your cerulean imp with a +0 club!
Your cerulean imp dies!
Your cerulean imp disappears in a puff of smoke!
The gnoll bouda gazes fiercely through you!
You feel your attacks grow feeble.
Your rat closely misses the gnoll.
Your inugami hits the gnoll bouda but does no damage.
The scorpion closely misses you. ๐Ÿ˜จ HP[-6] MP[+1]
You take 6 damage, and now have 17/36 hp.
Unknown command.
You tentacle-slap the scorpion but do no damage.
You tentacle-slap the scorpion, but do no damage.
You squeeze the scorpion.
You kill the scorpion!
Your bat completely misses the gnoll.
The gnoll misses you. Something closely misses your inugami.
The gnoll bouda barks out a call to the hunt!
The gnoll picks up the pace!
Your rat bites the gnoll but does no damage.
Your inugami hits the gnoll bouda.
Unknown command.
You closely miss the gnoll. Your grab misses the gnoll. You squeeze the gnoll.
Your bat misses the gnoll.
Your bat barely misses the gnoll.
Something closely misses your inugami. The gnoll closely misses you.
The gnoll closely misses your bat.
Your rat bites the gnoll but does no damage.
Unknown command.
You barely miss the gnoll. You grab the gnoll. You constrict the gnoll.
Your bat hits the gnoll but does no damage.
Something closely misses your inugami. The gnoll hits you with a +0 flail!
* * * LOW HITPOINT WARNING * * *
Your bat hits the gnoll but does no damage.
Your rat bites the gnoll. ๐Ÿ˜ฑ HP[-12]
You take 12 damage, and now have 5/36 hp.
MASSIVE DAMAGE!! (PAUSE) Unknown command.
You tentacle-slap the gnoll.
You squeeze the gnoll, but do no damage.
You constrict the gnoll.
You kill the gnoll!
Your bat barely misses the gnoll.
Something barely misses your inugami. The gnoll barely misses you.
Unknown command.
It was a potion of mutation.
You feel extremely strange.
You feel clever.
Your vision sharpens.
You feel your magical essence link to the dungeon's wands.
Your bat closely misses the gnoll bouda.
The gnoll bouda hits your rat with a +0 whip!
Your rat dies!
Your rat's corpse disappears in a puff of smoke!
Your inugami hits the gnoll bouda but does no damage.
The gnoll barely misses you.
It was a potion of attraction.
You feel attractive to monsters.
Your bat closely misses the gnoll bouda.
The gnoll hits your inugami from afar with a +0 halberd!
The gnoll hits you but does no damage. The gnoll is attracted toward you.
Unknown command.
It was a potion of invisibility.
You fade into invisibility!
Your bat closely misses the gnoll.
The gnoll hits your inugami with a +0 halberd.
The gnoll bouda hits you with a +0 whip!
You die...

Skill      XL: |  1  2  3  4  5  6 |
---------------+-------------------+-----
Stealth        | 3 4 5 |  5.2
Spellcasting   | 3 4 |  4.3
Summonings     | 5 |  5.9
Dodging        | |  2.0

Action                     |  1- 3 |  4- 6 || total
---------------------------+-------+-------++-------
  Melee: Unarmed           |    60 |    35 ||    95
         Constrict         |    24 |    16 ||    40
         Tentacles         |    18 |    11 ||    29
         Punch             |     1 |     1 ||     2
   Cast: Summon Small Mamm |    13 |    23 ||    36
         Call Canine Famil |     4 |    17 ||    21
         Call Imp          |     2 |     9 ||    11
    Use: Scroll            |       |     5 ||     5
         Potion            |       |     3 ||     3
   Stab: Sleeping          |     3 |     4 ||     7
         Distracted        |     2 |       ||     2
 Armour: Skin              |    34 |    34 ||    68
  Dodge: Dodged            |    48 |    51 ||    99

Levels and vault maps discovered:
D:1:      erik_arrival_triangle_small, layout_rooms, serial_curves,
          eino_curves_02, eino_curves_01, grunt_decor_one_mirror
D:2:      layout_loops_ring, nicolae_half_adder
D:3:      layout_rooms, minmay_misc_feat_rows
D:4:      layout_gridville, gammafunk_temple_overflow_elements, glass_columns_a,
          chequers_serial_rivers_micro_d

Notes
Turn   | Place    | Note
-------+----------+-------------------------------------------
     0 | D:1      | ytrimaz the Octopode Summoner began the quest for the Orb.
     0 | D:1      | Reached XP level 1. HP: 11/11 MP: 3/3
     0 | D:1      | magus.rc [v1.9.6]
    94 | D:1      | Reached skill level 3 in Stealth
    96 | D:1      | Reached XP level 2. HP: 17/17 MP: 3/5
   399 | D:1      | Reached XP level 3. HP: 9/21 MP: 4/6
   847 | D:1      | Learned a level 2 spell: Call Imp
   851 | D:1      | Learned a level 3 spell: Call Canine Familiar
  1043 | D:2      | Reached skill level 4 in Stealth
  1080 | D:2      | Reached XP level 4. HP: 10/27 MP: 1/8
  1090 | D:2      | You pick up a book of Flames and begin reading...
  1090 | D:2      | You add the spells Inner Flame, Sticky Flame and Flame Wave
                  | to your library.
  1099 | D:2      | HP: 5/27 [adder (2)]
  1408 | D:2      | Reached skill level 3 in Spellcasting
  1626 | D:2      | Reached XP level 5. HP: 23/31 MP: 3/9
  1634 | D:2      | HP: 7/31 [poisoned by an adder]
  1921 | D:2      | Learned a level 4 spell: Summon Blazeheart Golem
  2768 | D:4      | Reached skill level 5 in Stealth
  2768 | D:4      | Reached skill level 5 in Summonings
  2833 | D:4      | Found a shimmering altar of Xom.
  2833 | D:4      | Found a snail-covered altar of Cheibriados.
  3144 | D:4      | Reached XP level 6. HP: 36/36 MP: 6/11
  3380 | D:4      | Noticed a black bear
  3392 | D:4      | Killed a black bear
  3393 | D:4      | Reached skill level 4 in Spellcasting
  3605 | D:4      | HP: 5/36 [gnoll/+0 flail[a gnoll bouda] (13)]
  3607 | D:4      | Gained mutation: Your mind is acute. (Int +4, Str/Dex -1)
                  | [potion of mutation]
  3607 | D:4      | Gained mutation: You have supernaturally acute eyesight.
                  | (SInv) [potion of mutation]
  3607 | D:4      | Gained mutation: You expend magic power (3 MP) to
                  | strengthen your wands. [potion of mutation]
  3609 | D:4      | Slain by a gnoll bouda

Vanquished Creatures
  A scorpion (D:4)
  A sleepcap (D:4)
  A gnoll (D:4)
  2 adders (D:2)
  2 dart slugs
  4 ball pythons (D:1)
  5 endoplasms
  2 giant cockroaches (D:1)
  4 goblins
  6 hobgoblins
  2 quokkas (D:2)
  3 bats
  2 frilled lizards
  4 kobolds
  3 rats
42 creatures vanquished.

Vanquished Creatures (collateral kills)
  A black bear (D:4)
  A scorpion (D:4)
  3 gnolls (D:2)
  5 adders
  2 dart slugs
  A ribbon worm (D:4)
  2 orcs (D:4)
  5 endoplasms
  2 goblins (D:2)
  5 hobgoblins
  4 jackals (D:3)
  4 kobolds
  A ball python (D:3)
  A bat (D:2)
  A frilled lizard (D:1)
  3 rats
41 creatures vanquished.

Grand Total: 83 creatures vanquished

Table legend:
 A = Non-vault XP
 B = Vault XP
 C = Vault XP percentage of total XP
 D = Non-vault monster count
 E = Vault monster count
 F = Vault count percentage of total count
                 A         B        C        D         E       F
            +---------+---------+-------+---------+---------+-------
      Total |     558 |      40 |   6.7 |      80 |       3 |   3.6
            +---------+---------+-------+---------+---------+-------
        D:1 |      44 |       0 |   0.0 |      25 |       0 |   0.0
        D:2 |     100 |      40 |  28.6 |      24 |       3 |  11.1
        D:3 |      32 |       0 |   0.0 |      17 |       0 |   0.0
        D:4 |     382 |       0 |   0.0 |      14 |       0 |   0.0
            +---------+---------+-------+---------+---------+-------

Skill      XL: |  1  2  3  4  5  6 |
---------------+-------------------+-----
Stealth        | 3 4 5 |  5.2
Spellcasting   | 3 4 |  4.3
Summonings     | 5 |  5.9
Dodging        | |  2.0

Action                     |  1- 3 |  4- 6 || total
---------------------------+-------+-------++-------
  Melee: Unarmed           |    60 |    35 ||    95
         Constrict         |    24 |    16 ||    40
         Tentacles         |    18 |    11 ||    29
         Punch             |     1 |     1 ||     2
   Cast: Summon Small Mamm |    13 |    23 ||    36
         Call Canine Famil |     4 |    17 ||    21
         Call Imp          |     2 |     9 ||    11
    Use: Scroll            |       |     5 ||     5
         Potion            |       |     3 ||     3
   Stab: Sleeping          |     3 |     4 ||     7
         Distracted        |     2 |       ||     2
 Armour: Skin              |    34 |    34 ||    68
  Dodge: Dodged            |    48 |    51 ||    99

Illustrated notes

Table legend:
 A = Kills in this place as a percentage of kills in the entire game.
 B = Kills by you in this place as a percentage of kills by you in the entire game.
 C = Kills by friends in this place as a percentage of kills by friends in the entire game.
 D = Other kills in this place as a percentage of other kills in the entire game.
 E = Experience gained in this place as a percentage of experience gained in the entire game.
 F = Experience gained in this place divided by the number of levels of this place that you have seen.
                   A       B       C       D       E      F
               +-------+-------+-------+-------+-------+----------------------
         Total | 100.0 | 100.0 | 100.0 |   N/A | 100.0 | 149.5
       Dungeon | 100.0 | 100.0 | 100.0 |   N/A | 100.0 | 149.5
               +-------+-------+-------+-------+-------+----------------------

Table legend: (Time is in decaauts)
 A = Elapsed time spent in this place.
 B = Non-inter-level travel time spent in this place.
 C = Inter-level travel time spent in this place.
 D = Time resting spent in this place.
 E = Time spent auto-exploring this place.
 F = Levels seen in this place.
 G = Mean time per level.
                   A        B        C        D        E       F      G
               +--------+--------+--------+--------+--------+-----+--------+
         Total |   3607 |   3553 |     54 |    193 |   2705 |   4 |  901.8 |
       Dungeon |   3607 |   3553 |     54 |    193 |   2705 |   4 |  901.8 |
               +--------+--------+--------+--------+--------+-----+--------+

Top non-repeatable levels by time:
     D:2: 1210 daAuts
     D:1: 869 daAuts
     D:4: 866 daAuts
     D:3: 660 daAuts
